 Dungeon Crawl Stone Soup version bcrawl-1.21.3-2-g9d8a61a446 (webtiles) character file.

Game seed: 5652875490231415902

715 funkygono the Shield-Bearer (level 7, 0/43 HPs)
             Began as a Gargoyle Fighter on Apr 12, 2020.
             Was a Follower of the Shining One.
             Splashed by a jelly's acid (2 damage)
             ... on level 5 of the Dungeon on Apr 13, 2020.
             The game lasted 00:07:01 (3687 turns).

funkygono the Shield-Bearer (Gargoyle Fighter)      Turns: 3687, Time: 00:07:01

Health: 0/43       AC: 20    Str: 21    XL:     7   Next: 69%
Magic:  7/7        EV:  8    Int:  7    God:    the Shining One [*.....]
Gold:   183        SH: 12    Dex:  9    Spells: 6/6 levels left

rFire    . . .     SeeInvis .   l - +3 flail (protect)
rCold    . . .     Gourm    .   c - +2 medium shield
rNeg     + . .     Faith    .   b - +0 scale mail
rPois    ∞         Spirit   .   a - +1 hat
rElec    +         Reflect  .   (no cloak)
rCorr    .         Harm     .   (no gloves)
MR       .....                  (no boots)
Stlth    ..........             (no amulet)
HPRegen  0.14/turn              p - -2 ring of intelligence (curse)
MPRegen  0.10/turn              (no ring)

@: protection aura, glowing
A: negative energy resistance 1, electricity resistance, unbreathing,
petrification resistance, rot immunity, AC +4
a: Renounce Religion


You were on level 5 of the Dungeon.
You worshipped the Shining One.
The Shining One was aware of your devotion.
You were hungry.

You visited 1 branch of the dungeon, and saw 5 of its levels.

You collected 183 gold pieces.

Inventory:

Hand Weapons
 l - a +3 flail of protection (weapon)
Missiles
 j - 296 arrows
 m - 414 stones (quivered)
 n - 176 bolts
Armour
 a - a +1 hat (worn)
 b - a +0 scale mail (worn)
 c - a +2 medium shield (worn)
Jewellery
 p - a cursed -2 ring of intelligence (left hand)
Scrolls
 g - 4 scrolls of remove curse
Potions
 d - a potion of might
 h - 2 potions of curing
 o - a potion of lignification {unknown}
 q - a potion of resistance {unknown}
Comestibles
 e - 10 rations {!d}


   Skills:
 + Level 4.2 Fighting
 + Level 5.2 Maces & Flails
 + Level 5.1 Armour
 + Level 2.0 Dodging
 + Level 0.5 Stealth
 + Level 5.4 Shields


You had 6 spell levels left.
You didn't know any spells.
Your spell library was empty.

Dungeon Overview and Level Annotations

Branches:
Dungeon (5/12)             Temple (0/1) D:4

Altars:
Cheibriados
Dithmenos
Elyvilon
Kikubaaqudgha
Nemelex Xobeh
Ru
Wu Jian
Yredelemnul
The Shining One


Innate Abilities, Weirdness & Mutations

You are resistant to torment.
Your stone body is resilient. (AC +4)
You are immune to poison.
You resist negative energy. (rN+)
You are resistant to electric shocks. (rElec)
You can survive without breathing.
You are immune to petrification.
You are immune to rotting.


Message History

You block the jelly's attack.
Items here: ))))) [[ †† You block the adder's attack.
The orc barely misses you. You block the orc's attack.
The adder closely misses you. You block the hound zombie's attack.
The orc barely misses you. The jelly closely misses you.
Things that are here:
a +0 hand axe; an orc corpse The orc hits you with a +0 falchion.
* * * LOW HITPOINT WARNING * * *
The jelly hits you but does no damage.
You sock the jelly!
Your weapon exudes an aura of protection.
Your hands burn!
* * * LOW HITPOINT WARNING * * *
The jelly is severely wounded.
You block the adder's attack. The jelly hits you but does no damage.
You block the adder's attack. The orc hits you but does no damage.
You hit the jelly.
Your hands burn!
You die...

###### #.....#+# .....#
#........ .....#
#........ .....#
#........
.....###+#........
..................
.....o....<.......
#'###..........########
....'..........#@So.).#
....#..........#Joo..##
....######.....#Z....##
........ #.....#......#
.........#.....'......#
.........+.....#......#
....##...#.....##....##
##########......######
....o.Z..#......#


You could see a jelly, an orc wizard, an adder, 2 orcs and a hound zombie.

Vanquished Creatures
  A sky beast (D:4)
  A phantom (D:4)
  An ogre (D:4)
  A bullfrog zombie (D:4)
  A hound (D:4)
  3 orc wizards
  2 bullfrog skeletons (D:4)
  An orc priest (D:4)
  A worker ant (D:4)
  Robin (D:2)
  6 adders
  An ooze (D:4)
  An adder skeleton (D:4)
  2 worms
  A dart slug (D:4)
  4 leopard geckos
  14 orcs
  4 giant cockroaches
  13 goblins
  12 hobgoblins
  6 jackals
  3 quokkas
  6 bats
  A frilled lizard (D:1)
  6 kobolds
  5 rats
98 creatures vanquished.

Notes
Turn   | Place    | Note
-------+----------+-------------------------------------------
     0 | D:1      | funkygono the Gargoyle Fighter began the quest for the Orb.
     0 | D:1      | Reached XP level 1. HP: 14/14 MP: 1/1
   110 | D:1      | Reached XP level 2. HP: 18/19 MP: 2/2
   541 | D:1      | Reached XP level 3. HP: 23/23 MP: 3/3
  1088 | D:2      | Noticed Robin
  1097 | D:2      | Killed Robin
  1097 | D:2      | Reached XP level 4. HP: 26/28 MP: 4/4
  1515 | D:3      | Reached skill level 1 in Dodging
  1886 | D:3      | Reached XP level 5. HP: 32/33 MP: 5/5
  1983 | D:3      | Found an ornate altar of the Wu Jian Council.
  1990 | D:3      | Found a glowing golden altar of the Shining One.
  1991 | D:3      | Found a sparkling altar of Nemelex Xobeh.
  1992 | D:3      | Found a basalt altar of Yredelemnul.
  1992 | D:3      | Found an ancient bone altar of Kikubaaqudgha.
  1992 | D:3      | Found a sacrificial altar of Ru.
  1994 | D:3      | Found a white marble altar of Elyvilon.
  1998 | D:3      | Became a worshipper of the Shining One
  2003 | D:3      | Found a shadowy altar of Dithmenos.
  2004 | D:3      | Found a snail-covered altar of Cheibriados.
  2574 | D:4      | Noticed a phantom
  2618 | D:4      | Killed a phantom
  2618 | D:4      | Reached XP level 6. HP: 22/38 MP: 6/6
  2787 | D:4      | Noticed a sky beast
  2813 | D:4      | Killed a sky beast
  3032 | D:4      | Reached skill level 5 in Shields
  3044 | D:4      | Reached XP level 7. HP: 36/43 MP: 7/7
  3097 | D:4      | Reached skill level 5 in Maces & Flails
  3103 | D:4      | Reached skill level 5 in Armour
  3341 | D:4      | Found a staircase to the Ecumenical Temple.
  3603 | D:5      | Entered Level 5 of the Dungeon
  3603 | D:5      | Reached * piety under the Shining One
  3686 | D:5      | HP: 2/43 [acid (1)]
  3687 | D:5      | Splashed by a jelly's acid

Skill      XL: |  1  2  3  4  5  6  7 |
---------------+----------------------+-----
Maces & Flails | 3 4 5 |  5.2
Dodging        | 1 2 |  2.0
Armour         | 4 5 |  5.1
Shields        | 4 5 |  5.4
Fighting       | 4 |  4.2
Stealth        | |  0.5

Action                   |  1- 3 |  4- 6 |  7- 9 || total
-------------------------+-------+-------+-------++-------
Melee: Flail             |   136 |   208 |    56 ||   400
  Use: Scroll            |     6 |     3 |     3 ||    12
  Eat: Chunk             |     1 |     7 |     1 ||     9
Armor: Scale mail        |    69 |    89 |    88 ||   246
Dodge: Dodged            |    39 |    46 |    57 ||   142
Block: Medium shield     |    91 |   107 |    89 ||   287
